 Dungeon Crawl Stone Soup version 0.29.0-5-ge4962eb29e (webtiles) character file.

Game seed: 1775157856074930295

139092 Strat the Warrior (level 17, -3/123 HPs)
             Began as a Tengu Warper on Aug 28, 2022.
             Was a High Priest of Ashenzari.
             Slain by Mara
             ... wielding a +1 vampiric demon trident
              (11 damage)
             ... on level 4 of the Snake Pit.
             The game lasted 01:47:06 (30714 turns).

Strat the Warrior (Tengu Warper)                   Turns: 30714, Time: 01:47:07

Health: -3/123     AC: 15    Str: 11    XL:     17   Next: 27%
Magic:  27/27      EV: 27    Int: 17    God:    Ashenzari [*****.]
Gold:   1682       SH: 16    Dex: 22    Spells: 5/28 levels left

rFire   . . .      SeeInvis +   a - +7 scimitar of Panopticon {flame, Elem, Fort} (curse)
rCold   + . .      Faith    .   W - +1 kite shield of Supernal Gnosis {rC+ rCorr Int+3, Comp, Melee} (curse)
rNeg    . . .      Spirit   .   H - +0 acid dragon scales of Ashenzari's Limitation {rCorr, Melee, Self} (curse)
rPois   +          Reflect  .   (helmet restricted)
rElec   .          Harm     .   l - +1 cloak "Clairvoyant Scepticism" {Fort, Melee} (curse)
rCorr   +          Rampage  .   s - +2 pair of gloves "Lethargy of Ashenzari" {hurl, Melee, Elem} (curse)
Will    +....      Clarity  +   (boots unavailable)
Stlth   ++........              h - amulet "Chagrin of Ashenzari" {Regen+, Elem, Evo} (curse)
HPRegen 1.10/turn               e - ring "Restrained Secrets" {EV+4, Cun, Melee} (curse)
MPRegen 0.20/turn               A - ring of Ouranomancy {rPois, Comp, Alch} (curse)

@: flying quickly and evasively, studying Ice Magic, quick
A: beak, talons 3, nimble flight
a: Renounce Religion, Curse Item, Shatter the Chains


You were on level 4 of the Snake Pit.
You worshipped Ashenzari.
Ashenzari was extremely pleased with you.
You visited 6 branches of the dungeon, and saw 28 of its levels.
You also visited: Bailey.

You collected 2660 gold pieces.
You spent 978 gold pieces at shops.

Inventory:

Hand Weapons
 a - the cursed +7 scimitar of Panopticon (weapon) {flame, Elem, Fort}
   (You took it off Erica on level 1 of the Lair of Beasts)

   It burns those it strikes, dealing additional fire damage.
   Big, fiery blades are also staple armaments of hydra-hunters.
   It has a curse which improves the following skills: Elements: Fire Magic, Ice
   Magic, Air Magic and Earth Magic.
   Fortitude: Armour and Shields.
 b - a +0 long sword of chaos
Missiles
 d - a boomerang of dispersal
 g - 191 stones (quivered)
 u - 5 throwing nets
 w - 32 boomerangs
 x - 29 poisoned darts
 Q - 7 curare-tipped darts
Armour
 l - the cursed +1 cloak "Clairvoyant Scepticism" (worn) {Fort, Melee}
   (You found it on level 2 of the Dungeon)

   It has a curse which improves the following skills: Fortitude: Armour and
   Shields.
   Melee Combat: Short Blades, Long Blades, Axes, Maces & Flails, Polearms,
   Staves and Unarmed Combat.
 s - the cursed +2 pair of gloves "Lethargy of Ashenzari" (worn) {hurl, Melee, Elem}
   (You found it on level 7 of the Dungeon)

   It has a curse which improves the following skills: Melee Combat: Short
   Blades, Long Blades, Axes, Maces & Flails, Polearms, Staves and Unarmed
   Combat.
   Elements:  Fire Magic, Ice Magic, Air Magic and Earth Magic.
 H - the cursed +0 acid dragon scales of Ashenzari's Limitation (worn) {rCorr, Melee, Self}
   (You found it on level 10 of the Dungeon)

   rCorr:     It protects you from acid and corrosion.
   It has a curse which improves the following skills: Melee Combat: Short
   Blades, Long Blades, Axes, Maces & Flails, Polearms, Staves and Unarmed
   Combat.
   Introspection: Fighting and Spellcasting.
 W - the cursed +1 kite shield of Supernal Gnosis (worn) {rC+ rCorr Int+3, Comp, Melee}
   (You acquired it on level 1 of the Snake Pit)

   Int:       It affects your intelligence (+3).
   rC:        It protects you from cold.
   rCorr:     It protects you from acid and corrosion.
   It has a curse which improves the following skills: Companions: Summonings
   and Necromancy.
   Melee Combat: Short Blades, Long Blades, Axes, Maces & Flails, Polearms,
   Staves and Unarmed Combat.
Jewellery
 e - the cursed ring "Restrained Secrets" (left hand) {EV+4, Cun, Melee}
   (You found it on level 4 of the Dungeon)

   [ring of evasion]

   EV:        It affects your evasion (+4).
   It has a curse which improves the following skills: Cunning: Dodging and
   Stealth.
   Melee Combat: Short Blades, Long Blades, Axes, Maces & Flails, Polearms,
   Staves and Unarmed Combat.
 h - the cursed amulet "Chagrin of Ashenzari" (around neck) {Regen+, Elem, Evo}
   (You found it on level 1 of the Dungeon)

   [amulet of regeneration]

   Regen:     It increases your rate of health regeneration.
   It has a curse which improves the following skills: Elements: Fire Magic, Ice
   Magic, Air Magic and Earth Magic.
   Evocations: Evocations.
 y - a ring of ice
 z - an amulet of guardian spirit
 A - the cursed ring of Ouranomancy (right hand) {rPois, Comp, Alch}
   (You found it on level 7 of the Dungeon)

   [ring of poison resistance]

   rPois:     It protects you from poison.
   It has a curse which improves the following skills: Companions: Summonings
   and Necromancy.
   Alchemy:   Poison Magic and Transmutations.
 B - a +4 ring of evasion
 C - a +6 ring of strength
 E - the necklace of Bloodlust {*Rage Will++ Int-3 Slay+6}
   (You took it off an orc on level 7 of the Dungeon)

   [amulet of nothing]

   It extends the wearer's berserk rage when killing foes.
   Int:       It affects your intelligence (-3).
   Slay:      It affects your accuracy & damage with ranged weapons and melee
   (+6).
   *Rage:     It berserks you when you make melee attacks (+50% chance).
   Will:      It greatly increases your willpower.
 F - a +6 ring of intelligence
 O - a ring of protection from fire
 R - a ring of fire
 S - an amulet of magic regeneration
 T - a ring of resist corrosion
 V - a +6 ring of strength
Wands
 c - a wand of paralysis (9)
 k - a wand of light (1)
 n - a wand of roots (26)
 D - a wand of flame (18)
 N - a wand of polymorph (10)
Scrolls
 f - a scroll of amnesia
 i - a scroll of silence
 o - a scroll of butterflies
 I - 2 scrolls of teleportation
 J - 4 scrolls of brand weapon
 K - 5 scrolls of magic mapping
 U - 4 scrolls of poison
 X - 2 scrolls of enchant weapon
Potions
 j - 2 potions of haste
 m - 5 potions of mutation
 p - 6 potions of brilliance
 q - 5 potions of attraction
 r - 2 potions of magic
 t - a potion of berserk rage
 v - 5 potions of resistance
 G - 8 potions of curing
 L - 6 potions of heal wounds
 P - 3 potions of might
 Y - 2 potions of cancellation


   Skills:
 + Level 17.6(19.7) Fighting
 - Level 13.2(19.6) Long Blades
 - Level 1.0 Throwing
 - Level 10.0(13.4) Armour
 - Level 10.0(12.2) Dodging
 - Level 13.1(16.5) Shields
 - Level 3.9(6.0) Spellcasting
 + Level 2.2 Hexes
 - Level 10.5(14.0) Summonings
 - Level 7.6 Translocations
 - Level 2.5(6.0) Ice Magic
 - Level 6.1(10.5) Air Magic


You had 5 spell levels left.
You knew the following spells:

 Your Spells              Type           Power      Damage    Failure   Level
a - Blink                 Tloc           62%        N/A       1%          2
b - Swiftness             Air            41%        N/A       1%          3
c - Summon Forest         Summ/Tloc      20%        N/A       10%         5
d - Airstrike             Air            20%        2d(3-19)  3%          4
e - Summon Ice Beast      Ice/Summ       39%        N/A       4%          4
f - Summon Mana Viper     Hex/Summ       32%        N/A       28%         5

Your spell library contained the following spells:

 Spells                   Type           Power      Damage    Failure   Level
 Shock                    Conj/Air       92%        1d8       3%          1
 Gell's Gravitas          Tloc           31%        N/A       3%          3
 Lesser Beckoning         Tloc           31%        N/A       3%          3
 Teleport Other           Tloc           31%        N/A       3%          3
 Poisonous Vapours        Pois/Air       46%        N/A       4%          2
 Portal Projectile        Hex/Tloc       42%        N/A       12%         3
 Sting                    Tmut/Pois      24%        1d4       26%         1
 Tukima's Dance           Hex            12%        N/A       34%         3
 Manifold Assault         Tloc           31%        N/A       34%         5
 Inner Flame              Hex/Fire       9%         N/A       43%         3
 Dazzling Flash           Conj/Hex       16%        N/A       50%         3
 Silence                  Hex/Air        13%        N/A       52%         5
 Ignite Poison            Fire/Tmut/Pois 6%         N/A       58%         3
 Conjure Flame            Conj/Fire      6%         6-21      61%         3
 Cause Fear               Hex            6%         N/A       75%         4
 Animate Dead             Necr           6%         N/A       94%         4
 Olgreb's Toxic Radiance  Pois           6%         N/A       95%         4
 Sticky Flame             Conj/Fire      6%         2d3       95%         4
 Agony                    Necr           6%         N/A       100%        5
 Blade Hands              Tmut           3%         N/A       100%        5
 Borgnjor's Vile Clutch   Necr/Erth      3%         N/A       100%        5
 Monstrous Menagerie      Summ           25%        N/A       61%         7
 Summon Hydra             Summ           25%        N/A       61%         7
 Death Channel            Necr           3%         N/A       100%        6
 Eringya's Noxious Bog    Tmut/Pois      3%         N/A       100%        6
 Storm Form               Tmut/Air       11%        N/A       100%        7
 Discord                  Hex            6%         N/A       100%        8


Dungeon Overview and Level Annotations

Branches:
Dungeon (15/15)            Temple (1/1) D:4            Lair (5/5) D:11
 Shoals (0/4) Lair:3        Snake (4/4) Lair:3        Slime (1/5) Lair:5
    Orc (2/2) D:12            Elf (0/3) Orc:2        Vaults (0/5) D:13
 Depths (0/4) D:15         Bailey (visited)

Altars:
Ashenzari
Cheibriados
Dithmenos
Elyvilon
Fedhas
Gozag
Hepliaklqana
Kikubaaqudgha
Makhleb
Nemelex Xobeh
Okawaru
Qazlal
Ru
Sif Muna
Trog
Uskayaw
Vehumet
Wu Jian
Xom
Yredelemnul
Zin
The Shining One
Jiyva

Shops:
D:2 :   D:3 [([   D:4 (   Orc:2 [!!(   Snake:3 ::=

Annotations:
D:4 Pikel
Snake:4 2 transporters, Mara; TuffENuff's ghost, adept FoFi; Vashnia


Innate Abilities, Weirdness & Mutations

You have a beak for a mouth.
You have claws for feet.
Your magical nature lets you fly swiftly and evasively.


Message History

Mara gestures at you.
The bolt of fire hits Mara.
Mara resists.
The bolt of fire misses you. You block Mara's attack.
Mara blinks! x2
Mara weaves an illusion.
There is an open door, spattered with blood here.
Things that are here:
a +0 robe; a +0 trident You block Mara's attack.
Mara blinks!
Mara says, "Bound art thou by all the snares!"
Mara gestures at you.
The bolt of fire hits Mara!
Mara resists.
The bolt of fire misses you.
Things that are here:
a +0 robe; a +0 quarterstaff You slash Mara!
Your kick misses Mara.
Mara is moderately wounded.
Mara is no longer blind. x3; Mara closely misses you.
Mara completely misses you.
You hit Mara. You claw Mara, but do no damage.
Mara is heavily wounded.
You slice Mara!! You burn Mara.
Mara is severely wounded.
Mara blinks!
You block Mara's attack.
Mara blinks!
You slice Mara!! Your kick misses Mara. You peck Mara, but do no damage.
Mara is lightly wounded.
Mara gestures at you. The bolt of fire hits you!!
Mara hits you with a +1 vampiric demon trident!
* * * LOW HITPOINT WARNING * * *
Mara draws strength from your wounds! Mara gestures at you.
The bolt of fire hits you!!
* * * LOW HITPOINT WARNING * * *
Mara hits you from afar with a +1 vampiric demon trident!!
* * * LOW HITPOINT WARNING * * *
Mara hits you from afar with a +1 vampiric demon trident!!
* * * LOW HITPOINT WARNING * * *
There is a stone staircase leading up, spattered with blood here.
Mara hits you from afar with a +1 vampiric demon trident!
You die...

.#.....................#SN.#.#...
.##........R#########..#8.#...#.8
..##........#...<......##......N#
...#........#...........#########
...#........#..######............
..##........#)##.................
8.####......#)#.R........#.##....
....##8)....'.##..R......+..#....
............#..#@..R.....#.##....
.⌠.........##..#[........#.+.....
.......)...'...[.........###....)
....##8....##..#..........##...[#
8.####......#..#.........###..).#
..##.)).....#.)#####'#####.#....'
...#..).....#..............#....#
...#........#..............#....#
.†##........#..............#....'


You could see 3 Maras.

Vanquished Creatures
  Asterion (Snake:3)
  3 nagarajas
  An orc warlord (Orc:2)
  Aizul (Snake:4)
  4 vault guards (D:13)
  6 anacondas
  7 hydras
  2 salamander tyrants (Snake:4)
  3 boulder beetles
  Erica (Lair:1)
  4 naga warriors
  An alligator (shapeshifter) (D:13)
  5 centaur warriors
  2 tengu warriors (D:13)
  8 two-headed ogres
  12 death yaks
  2 orc high priests
  10 shock serpents
  7 naga sharpshooters
  12 skeletal warriors
  A goliath frog (Lair:5)
  2 salamander mystics
  2 naga ritualists
  A lindwurm (Lair:2)
  4 deep elf pyromancers
  10 orc knights
  6 mana vipers
  4 orc sorcerers
  6 ugly things
  2 oklob plants (D:11)
  7 cyclopes
  A wolf spider (shapeshifter) (D:15)
  A salamander (shapeshifter) (D:15)
  7 salamanders
  5 manticores
  3 guardian serpents
  19 black mambas
  10 elephants (Lair:5)
  12 naga magi
  A water nymph (shapeshifter) (Lair:2)
  A gargoyle (D:11)
  An unseen horror (shapeshifter) (D:13)
  11 cane toads
  2 torpor snails
  Psyche (D:11)
  4 komodo dragons
  3 rime drakes
  3 freezing wraiths
  2 tengu conjurers (D:15)
  3 meliai (D:13)
  10 trolls
  A polar bear (Lair:2)
  2 meliai (shapeshifter)
  3 tyrant leeches (Lair:5)
  A polar bear (shapeshifter) (D:13)
  Prince Ribbit (D:6)
  7 saltlings (Orc:2)
  A hornet (Lair:3)
  A snapping turtle (Lair:3)
  A blink frog (shapeshifter) (D:10)
  12 dream sheep
  8 slime creatures
  11 blink frogs
  A jumping spider (shapeshifter) (D:15)
  3 wraiths
  A spriggan (Lair:3)
  2 wyverns (D:9)
  2 vampires
  A human (shapeshifter) (D:15)
  A water elemental (D:15)
  2 basilisks
  24 yaks
  Eustachio (D:6)
  A steam dragon (Lair:2)
  30 vampire mosquitoes
  2 wargs (Orc:2)
  Menkaure (D:4)
  2 acid dragons
  28 nagas
  12 water moccasins
  37 orc warriors
  A sky beast (D:7)
  3 black bears
  An ice beast (D:6)
  21 wolves
  10 ogres
  11 centaurs
  4 lemures (D:4)
  3 phantoms
  7 kobold brigands
  12 bullfrogs
  7 gnoll sergeants
  2 necrophages
  3 scorpions
  4 wights
  3 killer bees (D:10)
  4 jellies
  8 howler monkeys
  4 electric eels
  A lava snake (D:15)
  3 hounds
  Crazy Yiuf (D:4)
  2 gnoll boudas (D:8)
  18 orc priests
  6 iguanas
  20 orc wizards
  4 hell rats (Lair:2)
  Robin (D:2)
  21 gnolls
  8 adders
  2 shadow imps (D:8)
  4 white imps
  An ufetubus (D:6)
  2 worms
  6 dart slugs
  85 orcs
  9 ball pythons
  8 endoplasms
  3 giant cockroaches
  12 goblins
  11 hobgoblins
  11 jackals
  26 kobolds
  3 quokkas
  3 bats
  2 frilled lizards (D:2)
  6 rats
  4 pillars of salt (Orc:2)
828 creatures vanquished.

Vanquished Creatures (collateral kills)
  A steam dragon (D:9)
1 creature vanquished.

Vanquished Creatures (others)
  A bullfrog (Lair:5)
  An orc wizard (Orc:2)
  2 kobolds (D:11)
  A bush (Lair:5)
  43 fungi
  4 pillars of salt (Orc:2)
  119 plants
  A snaplasher vine (Snake:3)
172 creatures vanquished.

Grand Total: 1001 creatures vanquished

Notes
Turn   | Place    | Note
-------+----------+-------------------------------------------
     0 | D:1      | Strat the Tengu Warper began the quest for the Orb.
     0 | D:1      | Reached XP level 1. HP: 12/12 MP: 4/4
   404 | D:1      | Found a faded altar of an unknown god.
   419 | D:1      | Reached XP level 2. HP: 17/17 MP: 6/6
  1210 | D:2      | Reached XP level 3. HP: 12/22 MP: 7/7
  1348 | D:2      | Learned a level 2 spell: Blink
  1352 | D:2      | Learned a level 3 spell: Swiftness
  1515 | D:2      | Reached skill level 3 in Fighting
  1662 | D:2      | Reached XP level 4. HP: 28/28 MP: 8/8
  1832 | D:2      | Found Ylodd's Vocational Training.
  2157 | D:2      | Noticed Robin
  2168 | D:2      | Killed Robin
  2335 | D:3      | Found Yfojaw's Weapon Boutique.
  2512 | D:3      | Gained mutation: Your magical nature lets you fly swiftly
                  | and evasively. [Tengu growth]
  2512 | D:3      | Reached XP level 5. HP: 22/32 MP: 9/9
  2592 | D:3      | Noticed a +0 hand axe
  2592 | D:3      | Noticed a +0 dagger
  2607 | D:3      | Found Rasuid's Armour Boutique.
  2607 | D:3      | Found a hide-covered altar of Uskayaw.
  2644 | D:3      | Found Netyhut's Antique Armour Emporium.
  3093 | D:4      | Noticed a black bear
  3492 | D:4      | Noticed Pikel
  3495 | D:4      | Noticed a lemure
  3568 | D:4      | Found Kaofiw's Weapon Emporium.
  3628 | D:4      | Paralysed by an orc wizard for 4 turns
  3643 | D:4      | Reached skill level 4 in Fighting
  3643 | D:4      | Reached skill level 5 in Long Blades
  3844 | D:4      | Reached XP level 6. HP: 38/38 MP: 10/10
  3872 | D:4      | Found a snail-covered altar of Cheibriados.
  3924 | D:4      | Found a sparkling altar of Nemelex Xobeh.
  3925 | D:4      | Found a basalt altar of Yredelemnul.
  4128 | D:4      | Found a staircase to the Ecumenical Temple.
  4155 | Temple   | Entered the Ecumenical Temple
  4210 | Temple   | Became a worshipper of Ashenzari the Shackled
  4279 | D:4      | Noticed Menkaure
  4340 | D:4      | Killed Menkaure
  4341 | D:4      | Reached XP level 7. HP: 28/43 MP: 11/11
  4458 | D:4      | Found a runed translucent door.
  4459 | D:4      | Noticed Crazy Yiuf
  4469 | D:4      | Killed Crazy Yiuf
  4624 | D:5      | Entered Level 5 of the Dungeon
  4911 | D:5      | Identified the +11 whip of Olezotwu {protect, Will+}
  5005 | D:5      | Found a glowing silver altar of Zin.
  5133 | D:5      | Reached XP level 8. HP: 36/48 MP: 12/12
  5588 | D:5      | Reached skill level 5 in Dodging
  5926 | D:6      | Noticed Prince Ribbit
  5952 | D:6      | Killed Prince Ribbit
  5953 | D:6      | Reached skill level 5 in Fighting
  6115 | D:6      | Found a shimmering altar of Xom.
  6138 | D:6      | Reached XP level 9. HP: 54/54 MP: 13/13
  6180 | D:6      | Noticed Eustachio
  6223 | D:6      | Killed Eustachio
  6286 | D:6      | Found a blossoming altar of Fedhas.
  6448 | D:6      | Reached skill level 6 in Fighting
  7569 | D:7      | Reached skill level 10 in Long Blades
  7648 | D:7      | Identified the +4 chain mail of Gaizef {rPois Int+4 Dex+4}
  7914 | D:7      | Reached skill level 7 in Fighting
  7917 | D:7      | Noticed a manticore
  7926 | D:7      | Killed a manticore
  7927 | D:7      | Reached XP level 10. HP: 53/63 MP: 14/14
  7928 | D:7      | Noticed a purple ugly thing
  7998 | D:7      | Found an ornate altar of the Wu Jian Council.
  8790 | D:8      | Reached skill level 8 in Fighting
  8966 | D:9      | Found a flagged portal.
  8997 | Bailey   | Entered a bailey
  9750 | D:9      | Found a radiant altar of Vehumet.
  9922 | D:10     | Entered Level 10 of the Dungeon
  9960 | D:10     | Found a hazy altar of Hepliaklqana.
 10007 | D:10     | Noticed a two-headed ogre
 10022 | D:10     | Noticed a two-headed ogre
 10089 | D:10     | Reached XP level 11. HP: 44/69 MP: 15/15
 10241 | D:10     | Reached skill level 9 in Fighting
 10317 | D:10     | Reached skill level 10 in Dodging
 10351 | D:10     | Identified the +2 falchion of Icrihan {speed, rPois MP+9}
 10398 | D:10     | Found an ancient bone altar of Kikubaaqudgha.
 10458 | D:10     | Noticed a two-headed ogre
 10476 | D:10     | Killed a two-headed ogre
 11109 | D:11     | Noticed a six-headed hydra
 11262 | D:11     | Noticed an oklob plant
 11275 | D:11     | Noticed an oklob plant
 11328 | D:11     | Found the +1 robe of Vines {NoPotionHeal Regen++++}
 11463 | D:11     | Reached skill level 10 in Fighting
 11495 | D:11     | Noticed Psyche
 11715 | D:7      | Killed a purple ugly thing
 11824 | D:7      | Reached * piety under Ashenzari
 12253 | D:11     | Noticed a boulder beetle
 12273 | D:11     | Noticed a cyclops
 12484 | D:11     | Reached skill level 5 in Armour
 12509 | D:11     | Killed Psyche
 12598 | D:12     | Noticed a cyclops
 12598 | D:12     | Noticed a deep elf pyromancer
 12604 | D:11     | Killed a deep elf pyromancer
 12619 | D:12     | Killed a cyclops
 12719 | D:12     | Noticed a deep elf pyromancer
 12726 | D:12     | Killed a deep elf pyromancer
 12743 | D:12     | Reached ** piety under Ashenzari
 12762 | D:12     | Found a staircase to the Orcish Mines.
 12802 | D:12     | Reached XP level 12. HP: 60/77 MP: 16/16
 13765 | D:11     | Found a staircase to the Lair.
 13788 | D:11     | Reached skill level 10 in Armour
 13790 | Lair:1   | Entered Level 1 of the Lair of Beasts
 14412 | Lair:1   | Reached *** piety under Ashenzari
 14527 | Lair:1   | Reached skill level 11 in Fighting
 15066 | Lair:2   | Reached skill level 12 in Fighting
 15159 | Lair:2   | Noticed a four-headed hydra
 15364 | Lair:2   | Noticed Erica
 15505 | Lair:1   | Killed Erica
 15506 | Lair:1   | Reached XP level 13. HP: 62/87 MP: 17/17
 15660 | Lair:2   | Reached skill level 13 in Fighting
 15981 | Lair:3   | Learned a level 5 spell: Summon Forest
 16131 | Lair:3   | Found a staircase to the Snake Pit.
 16163 | Lair:3   | Reached skill level 1 in Summonings
 16513 | Lair:3   | Found a staircase to the Shoals.
 16931 | Lair:3   | Reached skill level 14 in Fighting
 17272 | Lair:4   | Reached skill level 1 in Shields
 17724 | Lair:4   | Reached **** piety under Ashenzari
 18184 | Lair:5   | Entered Level 5 of the Lair of Beasts
 18194 | Lair:5   | Reached skill level 5 in Shields
 18264 | Lair:5   | Found a viscous altar of Jiyva.
 18264 | Lair:5   | Found a staircase to the Slime Pits.
 18487 | Lair:5   | Reached XP level 14. HP: 81/96 MP: 18/18
 18803 | Lair:5   | Identified the +2 leather armour of the Game Afoot {rElec
                  | Str+3}
 18846 | Lair:5   | Reached skill level 10 in Shields
 19657 | Slime:1  | Entered Level 1 of the Pits of Slime
 19657 | Slime:1  | Noticed an acid blob
 20072 | Orc:1    | Entered Level 1 of the Orcish Mines
 20558 | Orc:1    | Paralysed by an orc sorcerer for 4 turns
 20968 | Orc:2    | Entered Level 2 of the Orcish Mines
 20968 | Orc:2    | Found a staircase to the Elven Halls.
 21071 | Orc:2    | Noticed an orc warlord
 21272 | Orc:2    | Killed an orc warlord
 21371 | Orc:2    | Paralysed by an orc sorcerer for 2 turns
 21576 | Orc:2    | Reached XP level 15. HP: 93/101 MP: 19/19
 21787 | Orc:2    | Found Kedig's Distillery.
 21884 | Orc:2    | Reached skill level 15 in Fighting
 21974 | Orc:2    | Found Simainnu's Antique Armour Shoppe.
 21991 | Orc:2    | Found Xisaiw's Distillery.
 21993 | Orc:2    | Found Cib Toewk's Weapon Shop.
 22002 | Orc:2    | Bought a potion of might for 72 gold pieces
 22047 | Orc:2    | Bought 2 potions of heal wounds for 130 gold pieces
 22047 | Orc:2    | Bought a potion of heal wounds for 65 gold pieces
 22047 | Orc:2    | Bought a potion of heal wounds for 65 gold pieces
 22789 | D:13     | Reached skill level 16 in Fighting
 22901 | D:13     | Identified the +5 chain mail of Impatience {Str+4}
 22943 | D:13     | Found a gate to the Vaults.
 23014 | D:12     | Reached skill level 5 in Air Magic
 23382 | D:13     | Learned a level 4 spell: Airstrike
 24045 | D:14     | Reached ***** piety under Ashenzari
 24058 | D:14     | Reached skill level 17 in Fighting
 24287 | D:14     | Reached XP level 16. HP: 100/112 MP: 20/20
 24389 | D:14     | Found a frozen archway.
 24612 | D:15     | Entered Level 15 of the Dungeon
 25247 | D:15     | Found a staircase to the Depths.
 25256 | D:15     | Reached skill level 5 in Summonings
 25275 | D:15     | Reached skill level 5 in Translocations
 25535 | Snake:1  | Entered Level 1 of the Snake Pit
 26144 | Snake:1  | Noticed a nagaraja
 26154 | Snake:1  | Killed a nagaraja
 26483 | Snake:2  | Identified a scroll of acquirement
 26491 | Snake:1  | Acquired the +1 kite shield of the Volcano {rC+ rCorr
                  | Int+3}
 26654 | Snake:2  | Noticed a nagaraja
 26672 | Snake:2  | Killed a nagaraja
 27628 | Snake:3  | Found Riuwuhol's Jewellery Shop.
 27628 | Snake:3  | Found Sulyoqed's Book Shoppe.
 27640 | Snake:3  | Found Misoublu's Book Shoppe.
 27653 | Snake:3  | Bought a book of Beasts for 646 gold pieces
 27659 | Snake:3  | Learned a level 5 spell: Summon Mana Viper
 27665 | Snake:3  | Learned a level 4 spell: Summon Ice Beast
 27692 | Snake:3  | Reached skill level 1 in Ice Magic
 28085 | Snake:3  | Noticed Asterion
 28111 | Snake:3  | Killed Asterion
 28750 | Snake:4  | Entered Level 4 of the Snake Pit
 28904 | Snake:4  | Identified the ring of the Komodo Dragon {Fly rElec}
 29054 | Snake:4  | Found a sacrificial altar of Ru.
 29160 | Snake:4  | Found a transporter.
 29160 | Snake:4  | Noticed TuffENuff's ghost (adept FoFi)
 29162 | Snake:4  | Found a transporter.
 29313 | Snake:4  | Reached skill level 10 in Summonings
 29325 | Snake:4  | Reached XP level 17. HP: 108/122 MP: 23/23
 29423 | Snake:4  | Noticed Vashnia
 29630 | Snake:4  | Noticed Mara
 29977 | Snake:3  | Upgraded the game from 0.29.0-4-gdea44cf6ec to
                  | 0.29.0-5-ge4962eb29e
 30015 | Snake:4  | Noticed Strat's illusion
 30168 | Snake:4  | Learned a level 5 spell: Summon Mana Viper
 30210 | Snake:4  | Noticed Aizul
 30279 | Snake:4  | Reached skill level 1 in Hexes
 30486 | Snake:4  | Killed Aizul
 30626 | Snake:4  | Noticed a quicksilver dragon
 30629 | Snake:4  | Noticed Strat's illusion
 30714 | Snake:4  | Slain by Mara

Illustrated notes

Levels and vault maps discovered:
D:1:      scummos_arrival_simple_crosswalls, layout_loops_corners,
          hellmonk_ecumenical_altar_slurped_away
D:2:      layout_basic, nicolae_shop_vocational, uniq_robin
D:3:      layout_loops_ring, dancing_weapons_uskayaw, serial_shops, shop_statue,
          nicolae_shop_trees, nicolae_shop_bloodbath_and_beyond
D:4:      layout_basic, gammafunk_temple_overflow_pools,
          mainiacjoe_overflow_cross_hatched, minmay_temple_entry_trees,
          serial_shops, nicolae_diamond_shop, uniq_crazy_yiuf_cottage,
          uniq_pikel, uniq_menkaure
D:5:      layout_basic, lemuel_tele_altar, minmay_increasing_density
D:6:      layout_loops_ring, fedhas_altar_3, lemuel_crystal_altar,
          eino_tiny_chamber, minmay_misc_feat_roman, uniq_prince_ribbit1,
          uniq_eustachio
D:7:      minmay_the_grid_plus_closed [minmay_the_grid_embedded,
          minmay_the_grid_doors, minmay_the_grid_expand,
          minmay_the_grid_stretched_grid, minmay_the_grid_prize_diamond_cup],
          layout_loops_corners, mainiacjoe_overflow_brackets
D:8:      minmay_skewed_foursquare, layout_rooms
D:9:      layout_basic, mainiacjoe_overflow_surrounded_room, enter_bailey_2,
          nicolae_water_bricks
D:10:     layout_roguey, kennysheep_mini, mainiacjoe_overflow_tiny_flanked,
          hangedman_decor_diamond_cutter
D:11:     layout_stronghold, dpeg_oklobed_lair, hellmonk_guarded_unrand_vines,
          uniq_psyche
D:12:     layout_roguey, kennysheep_orc_monster_closet_entryway
D:13:     layout_irregular_city, lightli_vaults_fourway_checkpoint
D:14:     layout_basic, chequers_serial_rivers_large_b,
          portal_ice_cave_entry_frozen_things
D:15:     hangedman_depths_entry_try_elsewhere_first, layout_basic,
          columned_hall_lemuel, nrook_pool_corridor
Temple:   minmay_freezing_vapour_temple
Lair:1:   beast_lair_carwin_large_2, layout_regular_city
Lair:2:   layout_roguey, serial_bayou_shore_a, grunt_megastairs_2,
          lemuel_fruit_fields, serial_bayou_shore_b, uniq_erica
Lair:3:   layout_gridlike, minmay_shoals_entry_hut, guppyfry_snake_entry_island,
          grunt_forest_large_clearings
Lair:4:   layout_cave_pods, pond
Lair:5:   minmay_lair_end_frog_pond, layout_cave_pods, slime_entry_1,
          lemuel_old_faithful
Snake:1:  layout_honeycomb, st_stairs_14
Snake:2:  layout_grid_maze, nicolae_snake_guarding_the_ruins, grunt_megastairs_4
Snake:3:  layout_layer_cave, minmay_shop_grove, uniq_asterion
Snake:4:  hellmonk_snake_rune_quicksilver_temple, layout_cave_town, basic_altar,
          gammafunk_ghost_arena, uniq_mara, uniq_vashnia, uniq_aizul
Slime:1:  layout_caves
Orc:1:    layout_caves, small_statue_alley_c
Orc:2:    hellmonk_orc_salted, layout_diamond_mine, basic_altar,
          minmay_orc_temple_a

Skill      XL: |  1  2  3  4  5  6  7  8  9 10 11 12 13 14 15 16 17 |
---------------+----------------------------------------------------+-----
Long Blades    | 3 4 5 6 8 10 11 13 | 13.2
Fighting       | 3 4 5 7 8 10 12 14 17 | 17.6
Armour         | 2 4 7 10 | 10.0
Dodging        | 3 4 6 8 9 10 | 10.0
Air Magic      | 2 3 6 |  6.1
Summonings     | 3 10 | 10.5
Shields        | 7 13 | 13.1
Translocations | 4 7 |  7.6
Ice Magic      | 2 |  2.5
Spellcasting   | 3 |  3.9
Hexes          | 2 |  2.2
Throwing       | |  1.0

Action                   |  1- 3 |  4- 6 |  7- 9 | 10-12 | 13-15 | 16-18 || total
-------------------------+-------+-------+-------+-------+-------+-------++-------
Melee: Falchion          |    61 |   142 |       |       |       |       ||   203
       Kick              |    16 |    52 |   113 |   363 |   528 |   241 ||  1313
       Peck              |     7 |    32 |    74 |   207 |   328 |   154 ||   802
       Long sword        |       |    53 |   317 |   918 |       |       ||  1288
       Punch             |       |     1 |     5 |    21 |     4 |       ||    31
       Scimitar          |       |       |       |       |  1237 |   601 ||  1838
 Fire: Sling             |       |     1 |       |       |       |       ||     1
Throw: Boomerang         |     6 |       |       |       |       |       ||     6
       Stone             |     5 |       |       |     5 |       |       ||    10
 Cast: Summon Ice Beast  |       |       |       |       |       |     1 ||     1
       Summon Forest     |       |       |       |       |       |     1 ||     1
Invok: Curse Item        |       |       |       |     4 |     3 |     2 ||     9
       Shatter the Chain |       |       |       |       |       |     1 ||     1
Evoke: Wand              |       |       |     5 |    15 |     9 |     8 ||    37
  Use: Scroll            |       |    14 |     8 |    12 |     6 |     8 ||    48
       Potion            |       |       |     6 |     7 |     1 |     2 ||    16
 Stab: Distracted        |       |     1 |       |       |       |     3 ||     4
       Paralysed         |       |       |       |     4 |       |       ||     4
       Sleeping          |       |       |       |     3 |     1 |     1 ||     5
       Confused          |       |       |       |     4 |       |       ||     4
       Petrifying        |       |       |       |     1 |       |       ||     1
       Petrified         |       |       |       |     1 |       |       ||     1
       Invisible         |       |       |       |     7 |       |       ||     7
Armor: Leather armour    |     7 |       |       |       |       |       ||     7
       Ring mail         |    19 |    43 |    68 |    32 |       |       ||   162
       Acid dragon scale |       |       |       |    73 |   136 |    50 ||   259
Dodge: Dodged            |    39 |   103 |   279 |   794 |   766 |   374 ||  2355
Block: Kite shield       |       |       |       |       |   538 |   485 ||  1023
